 Dungeon Crawl Stone Soup version 0.22-b1-59-g0aedee734a (webtiles) character file.

142 QuicksilverDragon the Insei (level 5, 0/33 HPs)
             Began as an Octopode Transmuter on Aug 9, 2018.
             Slain by a phantom (5 damage)
             ... on level 4 of the Dungeon on Aug 10, 2018.
             The game lasted 00:10:50 (2493 turns).

QuicksilverDragon the Insei (Octopode Transmuter)   Turns: 2493, Time: 00:10:51

Health: 0/33       AC:  1    Str: 11    XL:     5   Next: 24%
Magic:  1/8        EV: 18    Int: 15    God:
Gold:   186        SH:  0    Dex: 12    Spells: 2/8 levels left

rFire    . . .     SeeInvis .     - Unarmed
rCold    . . .     Gourm    .   (no shield)
rNeg     . . .     Faith    .   (helmet restricted)
rPois    .         Spirit   .   (no amulet)
rElec    .         Reflect  .   f - +5 ring of evasion
rCorr    .         Harm     .   (no ring)
MR       .....                  (no ring)
Stlth    ++........             (no ring)
HPRegen  0.11/turn              (no ring)
MPRegen  0.11/turn              (no ring)
                                (no ring)
                                (no ring)

@: very slightly contaminated
A: almost no armour, stealthy swim, amphibious, 8 rings, constrict 8, camouflage
1, gelatinous body 1
a: no special abilities


You were on level 4 of the Dungeon.
You were hungry.

You visited 1 branch of the dungeon, and saw 4 of its levels.

You collected 186 gold pieces.

Inventory:

Missiles
 a - 12 arrows
 k - 3 tomahawks (quivered)
Jewellery
 f - a +5 ring of evasion (left tentacle)
Scrolls
 g - a scroll of fog {unknown}
 h - 4 scrolls of identify {unknown}
 i - 2 scrolls of blinking {unknown}
 l - a scroll of teleportation {unknown}
 n - a scroll of remove curse {unknown}
 o - a scroll of random uselessness {unknown}
Potions
 b - 2 potions of agility {unknown}
 d - 2 potions of might {unknown}
 e - a potion of curing {unknown}
 j - 2 potions of brilliance {unknown}
 m - a potion of mutation {unknown}
 p - a potion of ambrosia {unknown}
Comestibles
 c - 11 rations
 q - 3 chunks of flesh


   Skills:
 - Level 1.0 Fighting
 - Level 2.0 Dodging
 + Level 4.6 Unarmed Combat
 - Level 2.0 Spellcasting
 * Level 3.3 Transmutations
 + Level 1.9 Poison Magic


You had 2 spell levels left.
You knew the following spells:

 Your Spells              Type           Power        Failure   Level  Hunger
a - Beastly Appendage     Tmut           ##....       5%          1    #......
c - Spider Form           Tmut/Pois      #.........   22%         3    ###....
s - Sticks to Snakes      Tmut           ##......     9%          2    ###....

Your spell library contained the following spells:

 Spells                   Type           Power        Failure   Level  Hunger
 Blade Hands              Tmut           ##........   83%         5    ######.
 Ice Form                 Ice/Tmut       #.......     75%         4    #####..


Dungeon Overview and Level Annotations

Branches:
Dungeon (4/15)
 Temple: D:4-7

Altars:

Annotations:
D:3 Grinder


Innate Abilities, Weirdness & Mutations

You cannot wear most types of armour.
You are very stealthy in the water. (Stealth+)
You are amphibious.
You can wear up to eight rings at the same time.
You can use your tentacles to constrict eight enemies at once.
Your skin changes colour to match your surroundings (Stealth+).
Your rubbery body absorbs attacks. (AC +1, EV +1)


Message History

You are feeling hungry.
Casting: Spider Form (safe; 22% risk of failure)
Confirm with . or Enter, or press ? or * to list all spells.
You miscast Spider Form.
Nothing appears to happen.
The orc completely misses you.
You tentacle-slap the orc. You grab the orc. You squeeze the orc.
You kill the orc!
Okay, then.
The phantom blinks!
Things that are here:
a flail; an orc corpse You butcher the orc corpse.
The phantom hits you!
Things that are here:
a flail; 3 chunks of flesh You tentacle-slap the phantom but do no damage.
The phantom hits you!
* * * LOW HITPOINT WARNING * * *
q - 3 chunks of flesh The phantom hits you.
You die...

♣ .♣ ....#
♣[♣ ....#
..♣ ....#
♣♣♣♣♣ ♣.♣
....# ♣
♣♣W@.♣♣..♣
....# ♣.
♣♣.♣♣.♣..♣
....# ♣.
♣.♣♣♣♣.♣§♣
....#
♣.♣♣♣♣.♣
♣♣♣o..
....#
♣...♣♣.♣
♣.♣W♣
....#
♣.....♣♣
♣♣ ..
....#
♣♣.....♣
♣. ....#
♣...♣.♣
....#
♣.♣♣♣.♣


You could see a phantom.

Vanquished Creatures
  A scorpion (D:4)
  An orc wizard (D:3)
  An adder (D:3)
  A leopard gecko (D:1)
  8 orcs
  A ball python (D:1)
  5 bats
  2 giant cockroaches (D:2)
  A goblin (D:3)
  6 hobgoblins
  4 jackals (D:1)
  2 quokkas (D:2)
  5 frilled lizards
  2 kobolds (D:1)
  5 rats
45 creatures vanquished.

Notes
Turn   | Place    | Note
-------+----------+-------------------------------------------
     0 | D:1      | QuicksilverDragon the Octopode Transmuter began the quest for the Orb.
     0 | D:1      | Reached XP level 1. HP: 13/13 MP: 3/3
   177 | D:1      | Reached XP level 2. HP: 8/18 MP: 5/5
   738 | D:2      | Reached skill level 4 in Unarmed Combat
  1020 | D:2      | Reached XP level 3. HP: 20/23 MP: 6/6
  1269 | D:2      | Learned a level 2 spell: Sticks to Snakes
  1273 | D:2      | Learned a level 3 spell: Spider Form
  1625 | D:3      | Reached skill level 1 in Poison Magic
  1625 | D:3      | Reached XP level 4. HP: 13/28 MP: 0/7
  1966 | D:3      | Noticed Grinder
  2464 | D:4      | Reached XP level 5. HP: 28/33 MP: 4/8
  2482 | D:4      | Noticed a phantom
  2493 | D:4      | Slain by a phantom

Skill      XL: |  1  2  3  4 |
---------------+-------------+-----
Unarmed Combat | 4 |  4.6
Poison Magic   | 1 |  1.9
Transmutations | 3 |  3.3
Fighting       | |  1.0
Dodging        | |  2.0
Spellcasting   | |  2.0

Action                   |  1- 3 |  4- 6 || total
-------------------------+-------+-------++-------
Melee: Unarmed           |    70 |    33 ||   103
       Constrict         |    19 |     5 ||    24
       Kick              |     6 |       ||     6
       Tentacles         |     6 |     3 ||     9
       Punch             |     1 |       ||     1
Throw: Tomahawk          |     2 |       ||     2
 Cast: Beastly Appendage |     3 |       ||     3
       Spider Form       |     1 |     2 ||     3
 Stab: Sleeping          |     9 |       ||     9
  Eat: Chunk             |     2 |     3 ||     5
Armor: Skin              |     6 |     2 ||     8
Dodge: Dodged            |    51 |    32 ||    83
